 Dungeon Crawl Stone Soup version 0.18-a0-902-g8738618 (webtiles) character file.

121 Jmtri7 the Apprentice (level 5, 0/37 HPs)
             Began as a Formicid Artificer on Dec 25, 2015.
             Was an Initiate of Pakellas.
             Slain by a centaur (2 damage)
             ... on level 6 of the Dungeon.
             The game lasted 00:07:26 (1020 turns).

Jmtri7 the Apprentice (Formicid Artificer)          Turns: 1020, Time: 00:07:26

Health: 0/37       AC:  6    Str: 17    XL:     5   Next: 26%
Magic:  9/9        EV:  7    Int: 11    God:    Pakellas [......]
Gold:   69         SH:  0    Dex: 11    Spells: 0 memorised, 4 levels left

rFire  . . .     SeeInvis +     a - +1 short sword
rCold  . . .     Gourm    .     o - +0 chain mail
rNeg   . . .     Faith    .     (no shield)
rPois  .         Spirit   .     (helmet unavailable)
rElec  .         Dismiss  .     (no cloak)
rCorr  .         Reflect  .     (no gloves)
SustAt .         Harm     .     (no boots)
MR     .....                    (no amulet)
Stlth  ..........               p - -2 ring of protection (curse)
                                j - ring of teleportation (curse)

@: starving, not resistant to hostile enchantments, extremely unstealthy
A: permanent stasis, dig shafts and tunnels, four strong arms, antennae 3
a: Dig, Shaft Self, Renounce Religion, Evoke Teleportation


You were on level 6 of the Dungeon.
You worshipped Pakellas.
Pakellas was noncommittal.
You were starving.

You visited 1 branch of the dungeon, and saw 5 of its levels.

You collected 69 gold pieces.

Inventory:

Hand Weapons
 a - a +1 short sword (weapon)
Missiles
 m - a throwing net (quivered)
Armour
 b - a +2 animal skin
 h - a +0 helmet
 o - a +0 chain mail (worn)
Jewellery
 j - a cursed ring of teleportation (left hand)
 p - a cursed -2 ring of protection (right hand)
Wands
 c - a wand of flame (0/48)
 d - a wand of enslavement (2/24)
 e - a wand of random effects (15/48)
Scrolls
 i - 2 scrolls of amnesia
 k - a scroll of fog {unknown}
 l - a scroll of enchant weapon
 r - a scroll of immolation {unknown}
Comestibles
 f - a bread ration
 g - a slice of pizza
 n - a fruit
 q - a beef jerky


   Skills:
 - Level 1.1 Fighting
 - Level 1.0 Short Blades
 - Level 1.7 Dodging
 - Level 1.2 Stealth
 * Level 6.1 Evocations


You had 4 spell levels left.
You didn't know any spells.

Dungeon Overview and Level Annotations

Branches:
Dungeon (5/15)
 Temple: D:4-7

Altars:
Fedhas
Pakellas

Annotations:
D:4 Duvessa


Innate Abilities, Weirdness & Mutations

You are under a permanent stasis effect.
You can dig through walls and to a lower floor.
Your four strong arms can wield two-handed weapons with a shield.
You have a pair of large antennae on your head (SInv).


Message History

Unknown command.
d - a wand of enslavement (2/24) Duvessa hits you but does no damage.
The worm bites you.
* * * LOW HITPOINT WARNING * * *
Are you sure you want to shaft yourself?
You are starving!
Duvessa hits you but does no damage.
You begin to dig a shaft.
You continue digging a shaft.
The worm bites you!
* * * LOW HITPOINT WARNING * * *
Duvessa hits you but does no damage. A shaft appears beneath you!
You fall through a shaft for 2 floors!
The shaft crumbles and collapses.
A centaur comes into view.
The centaur shouts!
Found 9 gold pieces.
Found a stone staircase leading up.
You're too hungry.
The centaur hits you.
You die...

# ...##$####
.......@c##.##.#
..###.##..<....#
# ####.#### #


You could see a centaur.

Vanquished Creatures
  5 adders (D:2)
  A worm (D:2)
  A bat (D:2)
  A giant cockroach (D:2)
  4 goblins (D:2)
  2 hobgoblins (D:2)
  2 kobolds (D:2)
  A quokka (D:2)
  3 giant newts
  2 rats (D:2)
22 creatures vanquished.

Vanquished Creatures (collateral kills)
  Dowan (D:4)
  2 adders (D:2)
  A giant cockroach (D:2)
  2 hobgoblins (D:2)
  5 goblins (D:2)
  A kobold (D:2)
12 creatures vanquished.

Vanquished Creatures (others)
  Robin (D:2)
1 creature vanquished.

Grand Total: 35 creatures vanquished

Notes
Turn   | Place    | Note
--------------------------------------------------------------
     0 | D:1      | Jmtri7 the Formicid Artificer began the quest for the Orb.
     0 | D:1      | Reached XP level 1. HP: 15/15 MP: 3/3
    85 | D:1      | You fall through a shaft!
   101 | D:2      | Reached skill level 4 in Evocations
   101 | D:2      | Reached XP level 2. HP: 9/21 MP: 5/5
   147 | D:2      | Reached XP level 3. HP: 14/26 MP: 6/6
   192 | D:2      | Noticed Robin
   206 | D:2      | Your ally died
   225 | D:2      | Reached skill level 5 in Evocations
   225 | D:2      | Reached XP level 4. HP: 13/32 MP: 7/7
   488 | D:2      | Found a blossoming altar of Fedhas.
   541 | D:2      | Found an oddly glowing altar of Pakellas.
   543 | D:2      | Became a worshipper of Pakellas the Inventive
   728 | D:2      | You fall through a shaft for 2 floors!
   733 | D:4      | You fall through a shaft!
   733 | D:5      | Entered Level 5 of the Dungeon
   961 | D:4      | Noticed Duvessa
   963 | D:4      | Noticed Dowan
   989 | D:4      | Killed Dowan
   989 | D:4      | Reached skill level 6 in Evocations
   989 | D:4      | Reached XP level 5. HP: 37/37 MP: 9/9
  1018 | D:4      | HP: 1/37 [worm (7)]
  1019 | D:4      | You fall through a shaft for 2 floors!
  1019 | D:6      | Noticed a centaur
  1020 | D:6      | Slain by a centaur

Vault maps used:
D:1:      lordsloth_arrival_two_stooges, minmay_surrounded
D:2:      marbit_many_paths, fedhas_altar_3, first_bread,
          kennysheep_generic_room_5, uniq_robin
D:4:      grunt_temple_overflow_gold_and_silver, kennysheep_mini_moat,
          portal_sewer_entry_e, uniq_eustachio, uniq_duvessa
D:5:      lemuel_round_altar, nicolae_sextant, lemuel_flame_loot_1
D:6:      nicolae_tso_besieged_by_evil, uniq_blork_the_orc, uniq_edmund,
          uniq_crazy_yiuf_cottage

Action                   |  1- 3 |  4- 6 || total
-------------------------+-------+-------++-------
Melee: Short sword       |    31 |    67 ||    98
 Abil: Shaft Self        |     1 |     3 ||     4
       Dig               |       |     2 ||     2
Evoke: Wand              |    14 |    14 ||    28
  Use: Scroll            |     2 |       ||     2
       Potion            |       |     1 ||     1
